 Dungeon Crawl Stone Soup version 0.27-a0-773-gaaee5cf45b (webtiles) character file.

Game seed: 7464808130789185714

172 robertstho the Magician (level 5, 0/37 HPs)
             Began as a Djinni Fire Elementalist on Mar 25, 2021.
             Slain by an orc priest
             ... wielding a +0 short sword
              (3 damage)
             ... on level 3 of the Dungeon.
             The game lasted 00:03:14 (3556 turns).

robertstho the Magician (Djinni Fire Elementalist)  Turns: 3556, Time: 00:03:15

Health: 0/37       AC:  2    Str:  7    XL:     5   Next: 52%
Gold:   123        EV: 12    Int: 17    God:
                   SH:  0    Dex: 14

rFire    + . .     SeeInvis +   d - +0 dagger
rCold    . . .     Faith    .   (no shield)
rNeg     . . .     Spirit   .   a - +0 robe
rPois    ∞         Reflect  .   (no helmet)
rElec    .         Harm     .   (no cloak)
rCorr    .         Rampage  .   (no gloves)
Will     .....                  (boots unavailable)
Stlth    ++........             (no amulet)
HPRegen  0.12/turn              b - ring of ice
MPRegen  0.00/turn              i - ring of see invisible

@: flying
A: fire resistance 2, cold vulnerability 1, float, innate caster, hp casting,
extra vitality 1
a: no special abilities


You were on level 3 of the Dungeon.
You visited 1 branch of the dungeon, and saw 3 of its levels.

You collected 123 gold pieces.

Inventory:

Hand Weapons
 d - a +0 dagger (weapon)
Armour
 a - a +0 robe (worn)
Jewellery
 b - a ring of ice (right hand)
 i - a ring of see invisible (left hand)
Scrolls
 c - a scroll of magic mapping {unknown}
 j - a scroll of identify {unknown}
 l - a scroll of teleportation {unknown}
 m - a scroll of blinking {unknown}
 n - a scroll of fog {unknown}
Potions
 e - 2 potions of cancellation {unknown}
 f - 2 potions of curing
 g - a potion of degeneration {unknown}
 h - a potion of resistance {unknown}
 k - a potion of ambrosia {unknown}


   Skills:
 * Level 1.3 Fighting
 + Level 2.6 Dodging
 - Level 1.5 Stealth
 * Level 4.8 Spellcasting


You couldn't memorise any spells.
You knew the following spells:

 Your Spells              Type           Power      Damage    Failure   Level
a - Foxfire               Conj/Fire      80%        2x1d8     1%          1
b - Conjure Flame         Conj/Fire      20%        6-21      6%          3
c - Inner Flame           Hex/Fire       20%        N/A       6%          3
d - Sticky Flame          Conj/Fire      20%        2d4       21%         4
e - Fireball              Conj/Fire      10%        3d6       50%         5
f - Sting                 Tmut/Pois      80%        1d7       1%          1
g - Ensorcelled Hibernat  Hex/Ice        60%        N/A       3%          2
Your spell library was empty.

Dungeon Overview and Level Annotations

Branches:
Dungeon (3/15)

Altars:
Xom


Innate Abilities, Weirdness & Mutations

You are immune to poison.
Your flesh is very heat resistant. (rF++)
You are vulnerable to cold. (rC-)
You float through the air rather than walking.
You learn spells naturally, not from books.
Your magical power is your life essence.
You have superior vitality. (+4 HP)


Message History

Casting: Foxfire (safe; 1% risk of failure)
Confirm with . or Enter, or press ? or * to list all spells.
You conjure some foxfire!
The foxfire hits the orc but does no damage.
The orc is almost dead.
The foxfire hits the orc.
You kill the orc!
Unknown command.
Casting: Foxfire (safe; 1% risk of failure)
Confirm with . or Enter, or press ? or * to list all spells.
You conjure some foxfire!
The foxfire hits the orc priest.
The orc priest is lightly wounded.
The foxfire hits the orc priest.
The orc priest is moderately wounded.
Unknown command.
Casting: Foxfire (safe; 1% risk of failure)
Confirm with . or Enter, or press ? or * to list all spells.
You conjure some foxfire!
The orc priest hits you with a +0 short sword.
* * * LOW HITPOINT WARNING * * *
The foxfire hits the orc priest.
The orc priest is heavily wounded.
The foxfire hits the orc priest but does no damage.
The orc priest is heavily wounded.
The orc priest hits you with a +0 short sword.
* * * LOW HITPOINT WARNING * * *
Unknown command.
Unknown command.
Casting: Foxfire (safe; 1% risk of failure)
Confirm with . or Enter, or press ? or * to list all spells.
You conjure some foxfire!
* * * LOW HITPOINT WARNING * * *
The orc priest hits you with a +0 short sword.
* * * LOW HITPOINT WARNING * * *
The foxfire hits the orc priest but does no damage.
The orc priest is heavily wounded.
The foxfire hits the orc priest.
The orc priest is heavily wounded.
The orc priest hits you with a +0 short sword.
You die...

#...##### ... ##.## )..
.. #)# # #.#.# # #.#.##
#.##.#..# #...o...####
#@)......
##########.##.####
#..........##.
#.#######..##.##
#.#######..#...# ###
#.##............ ...
#.##.####.##...###.#
#.##.## #.#.....##.#
#.##^.###.#....<##:####


You could see an orc priest.

Vanquished Creatures
  Terence (D:2)
  Natasha (twice) (D:2)
  An orc wizard (D:3)
  An adder (D:2)
  2 worms (D:3)
  6 orcs (D:3)
  2 ball pythons (D:1)
  3 endoplasms (D:1)
  3 giant cockroaches (D:2)
  4 hobgoblins
  4 jackals (D:3)
  5 bats
  4 frilled lizards
  5 goblins
  5 kobolds
  3 rats (D:1)
51 creatures vanquished.

Vanquished Creatures (others)
  236 foxfires
236 creatures vanquished.

Grand Total: 287 creatures vanquished

Notes
Turn   | Place    | Note
-------+----------+-------------------------------------------
     0 | D:1      | robertstho the Djinni Fire Elementalist began the quest for
                  | the Orb.
     0 | D:1      | Reached XP level 1. HP: 15/15 MP: 0/0
   306 | D:1      | Reached skill level 3 in Spellcasting
   309 | D:1      | Reached XP level 2. HP: 13/21 MP: 0/0
   424 | D:1      | Found a shimmering altar of Xom.
  1278 | D:2      | Noticed Natasha
  1280 | D:2      | Noticed a crimson imp
  1283 | D:2      | Killed Natasha
  1284 | D:2      | Reached XP level 3. HP: 19/26 MP: 0/0
  1284 | D:2      | Learned a level 1 spell: Sting
  1504 | D:2      | Noticed Terence
  2048 | D:2      | Reached skill level 4 in Spellcasting
  2048 | D:2      | Reached XP level 4. HP: 28/31 MP: 0/0
  2198 | D:2      | Killed Terence
  2199 | D:2      | Reached skill level 1 in Fighting
  2241 | D:2      | Noticed Natasha
  2247 | D:2      | Killed Natasha
  2248 | D:2      | Reached XP level 5. HP: 23/37 MP: 0/0
  2248 | D:2      | Learned a level 2 spell: Ensorcelled Hibernation
  3556 | D:3      | Slain by an orc priest

Illustrated notes

Levels and vault maps discovered:
D:1:      minmay_arrival_hallway, layout_basic, serial_glass, glass_columns_c,
          glass_columns_a, xom_teletrap_fun
D:2:      layout_basic, columned_hall_lemuel, st_stairs_7, uniq_terence,
          uniq_natasha
D:3:      layout_loops_ring

Skill      XL: |  1  2  3  4 |
---------------+-------------+-----
Spellcasting   | 3 4 |  4.8
Fighting       | 1 |  1.3
Dodging        | |  2.6
Stealth        | |  1.5

Action                   |  1- 3 |  4- 6 || total
-------------------------+-------+-------++-------
 Cast: Foxfire           |    74 |    69 ||   143
Armor: Robe              |     2 |     3 ||     5
Dodge: Dodged            |    10 |     8 ||    18

Table legend: (Time is in decaauts)
 A = Elapsed time spent in this place.
 B = Non-inter-level travel time spent in this place.
 C = Inter-level travel time spent in this place.
 D = Time resting spent in this place.
 E = Time spent auto-exploring this place.
 F = Levels seen in this place.
 G = Mean time per level.
                   A        B        C        D        E       F      G
               +--------+--------+--------+--------+--------+-----+--------+
         Total |   3554 |   3444 |    110 |      0 |   3048 |   3 | 1184.7 |
       Dungeon |   3554 |   3444 |    110 |      0 |   3048 |   3 | 1184.7 |
               +--------+--------+--------+--------+--------+-----+--------+

Top non-repeatable levels by time:
     D:2: 1349 daAuts
     D:1: 1341 daAuts
     D:3: 863 daAuts
